AoeStats
← Attila the Pun

Arabia

504276252Analyzed
1v1 RM · 26d ago on Sep 4, 2026· 27m 58s· 2 players
Game mode
Random Map
Map size
Tiny (2 player)
Population
200
Speed
Normal
Resources
Standard
Victory
Conquest
Starting age
Dark Age
Ending age
Imperial Age
RankedLock teamsTeams togetherTeam positionsShared explorationLock speedFull tech treeHidden civsTurbo modeCheats
Victory
Defeat
🇺🇸 Berbers · United States
852
+17
🇨🇳 Celts · China
877
-17
Attila the Pun
8:08 Loom
12:37 Feudal Age
13:51 Double-Bit Axe
16:20 Wheelbarrow
19:42 Castle Age
18:05 Horse Collar
19:11 Scale Barding Armor
20:50 Bow Saw
20:54 Light Cavalry
26:10 Chain Barding Armor
26:05 Bloodlines
25:59 Husbandry
观音的害怕
13:04 Feudal Age
17:18 Castle Age
16:16 Loom
Connection lost

Rejoining the realm…

Still unreachable

The connection could not be restored.

Session expired

The server has moved on; the page needs a fresh start.